Map: Triton LE

Players

Light

  • Race: Protoss Protoss
  • League: Platinum
  • Spawn Location: 11:00

PROTOSS - Winner!

  • Race: Protoss Protoss
  • League: Platinum
  • Spawn Location: 5:00

VOD

Have the link to the VOD?

Description

Time

  • Played on: Nov. 25, 2019, 10:52 p.m.
  • Length: 2:32
Show
View Real Time Build Order
Export as new Build Order

Light Protoss 

Build Orders:  

Get SALT Encoding   

  12  0:00  Probe  
  13  0:12  Probe  
  14  0:17  Pylon  
  14  0:24  Probe (Chrono Boost)  
  15  0:37  Probe (Chrono Boost)  
  15  0:38  Gateway  
  16  0:44  Probe (Chrono Boost)  
  16  0:47  Assimilator  
  17  0:51  Probe  
  18  1:00  Assimilator  
  18  1:03  Probe  
  19  1:10  Gateway  
  19  1:18  Probe  
  20  1:32  Zealot (Chrono Boost)  
  20  1:36  Pylon  
  22  2:01  Zealot (Chrono Boost)  
Show
View Real Time Build Order
Export as new Build Order

PROTOSS Protoss - Winner!

Build Orders:  

Get SALT Encoding   

  12  0:01  Probe  
  13  0:13  Probe  
  14  0:23  Pylon  
  14  0:31  Probe  
  15  0:43  Probe (Chrono Boost)  
  15  0:47  Forge  
  16  0:54  Probe (Chrono Boost)  
  17  0:59  Probe (Chrono Boost)  
  18  1:09  Probe  
  19  1:18  Pylon  
  19  1:21  Probe  
  20  1:33  Probe  
  21  1:43  Photon Cannon  
  21  1:44  Photon Cannon  
  21  1:45  Probe  
  22  1:47  Pylon  
  22  1:56  Pylon  
  22  1:57  Probe  
  22  2:05  Pylon  
  22  2:12  Pylon  
  21  2:19  Probe  
Tags
 
Matchup
PvP
Spawn Locations
Cross Positions
Add a new tag
Caveats
  • Supply blocks, unpowered buildings, or Contaminate may cause inaccurate times.
  • Supply counts are checked every 10 seconds.